 Dungeon Crawl Stone Soup version 0.16.2-12-gd0ad4c3 (webtiles) character file.

1733 rbvdw the Ducker (level 8, -6/71 HPs)
             Began as a Purple Draconian Berserker on Sept 20, 2015.
             Was a High Priest of Trog.
             Mangled by rbvdw's ghost (8 damage)
             ... on level 7 of the Dungeon.
             The game lasted 00:16:43 (5078 turns).

rbvdw the Ducker (Purple Draconian Berserker)       Turns: 5078, Time: 00:16:43

Health: -6/71      AC:  6    Str: 23    XL:     8   Next: 76%
Magic:  8/8        EV: 16    Int: 11    God:    Trog [*****.]
Gold:   118        SH:  0    Dex: 16    Spells: 0 memorised, 7 levels left

rFire  . . .     SeeInvis .     v - +7 quarterstaff "Frirr" {freeze, rElec Int+4 Dex+4}
rCold  . . .     Clarity  .     (armour unavailable)
rNeg   . . .     SustAb   .     (no shield)
rPois  .         Gourm    .     (helmet restricted)
rElec  +         Spirit   .     (no cloak)
rCorr  .         Warding  .     (no gloves)
rMut   .         Stasis   .     (no boots)
MR     +....                    (no amulet)
Stlth  ++........               (no ring)
                                (no ring)

@: lethally poisoned (-6 -> -47), exhausted, short of breath, slowed, drained,
very slow, somewhat resistant to hostile enchantments, unstealthy
A: breathe power, unfitting armour, screaming 1, strong 1, wild magic 1,
cold-blooded, AC +6
a: Breathe Dispelling Energy, Burn Spellbooks, Berserk, Trog's Hand, Brothers in
Arms, Renounce Religion


You were on level 7 of the Dungeon.
You worshipped Trog.
Trog was extremely pleased with you.
You were not hungry.

You visited 1 branch of the dungeon, and saw 7 of its levels.

You collected 163 gold pieces.
You spent 45 gold pieces at shops.

Inventory:

Hand weapons
 a - a +1 hand axe
 v - the +7 quarterstaff "Frirr" (weapon) {freeze, rElec Int+4 Dex+4}
   (You found it on level 5 of the Dungeon)

   It has been specially enchanted to freeze those struck by it, causing extra
   injury to most foes and up to half again as much damage against particularly
   susceptible opponents.
   It can also slow down cold-blooded creatures.
   It affects your intelligence (+4).
   It affects your dexterity (+4).
   It insulates you from electricity.
Armour
 r - a +1 hat
Jewellery
 d - an uncursed ring of flight {unknown}
 m - a +3 ring of slaying {unknown}
Magical devices
 q - a wand of lightning (11)
Scrolls
 b - 2 scrolls of remove curse
 f - a scroll of amnesia
 h - 3 scrolls of enchant weapon
 i - a scroll of recharging
 o - a scroll of holy word {unknown}
Potions
 g - 3 potions of agility
 k - a potion of brilliance
 p - a potion of flight {unknown}
 t - a potion of might
 u - a potion of magic {unknown}
 w - a potion of cure mutation {unknown}
Comestibles
 l - 2 slices of pizza
 n - 2 meat rations
 s - 2 beef jerkies


   Skills:
 + Level 6.4(5.7) Fighting
 - Level 4.9(4.2) Axes
 * Level 5.0(4.3) Staves
 + Level 7.0(6.3) Dodging
 + Level 2.7(2.1) Stealth


You had 7 spell levels left.
You didn't know any spells.

Dungeon Overview and Level Annotations

Branches:
Dungeon (7/15)             Temple (0/1) D:4

Altars:
Dithmenos
Fedhas
Kikubaaqudgha
Okawaru
Qazlal
Trog

Shops:
D:5 !

Annotations:
D:7 rbvdw's ghost, experienced DrBe


Innate Abilities, Weirdness & Mutations

You can breathe bolts of energy.
You can dispel enchantments when you breathe energy.
Your rich purple scales are hard (AC +6).
Your body does not fit into most forms of armour.
Your cold-blooded metabolism reacts poorly to cold.
You occasionally shout uncontrollably at your foes.
Your muscles are strong. (Str +2)
Your spells are a little harder to cast, but a little more powerful.


Message History

Rbvdw's ghost is lightly damaged.
You hear the faint creaking of a very distant portcullis.
You feel sick. Rbvdw's ghost hits you.
* * * LOW HITPOINT WARNING * * *
You are lethally poisoned!
Rbvdw's ghost hits you but does no damage.
You are more poisoned.
You thump rbvdw's ghost! You freeze rbvdw's ghost.
Rbvdw's ghost is moderately damaged.
* * * LOW HITPOINT WARNING * * *
You feel very sick. Rbvdw's ghost hits you.
* * * LOW HITPOINT WARNING * * *
You are more poisoned.
You hit rbvdw's ghost but do no damage.
Rbvdw's ghost is moderately damaged.
* * * LOW HITPOINT WARNING * * *
You feel extremely sick. Rbvdw's ghost hits you!
You die...

.....<.# .# ...
.......##.# #..
.......#.. #.#
.......#.# #># .
.......#.#### #.# ##...
##..........# #.##....
#..........# #....#
#..........####.W###.#..
#..............@........
#..........##..#######..
#..........##..#
#..........##(.#
#..........#####
#..........# ..........#
########


You could see rbvdw's ghost.

Vanquished Creatures
  Prince Ribbit (D:6)
  Edmund (D:4)
  An orc warrior (D:6)
  A sky beast (D:5)
  A phantom (D:5)
  3 ogres
  A centaur (D:6)
  3 crimson imps
  A hound (D:2)
  A jelly (D:6)
  3 orc priests
  A centaur skeleton (D:7)
  9 orc wizards
  Natasha (D:4)
  A worker ant (D:4)
  A hound skeleton (D:6)
  3 gnolls (D:3)
  6 adders
  A giant mite (D:5)
  2 shadow imps
  A worm (D:2)
  3 giant geckos
  2 oozes (D:2)
  27 orcs
  A bat zombie (D:5)
  6 giant cockroaches
  7 hobgoblins
  10 kobolds
  A ball python (D:1)
  11 bats
  A giant gecko skeleton (D:5)
  A giant gecko zombie (D:5)
  4 giant newts
  11 goblins
  A jackal zombie (D:5)
  2 quokkas (D:3)
  A quokka skeleton (D:4)
  8 rats
  A butterfly (D:4)
141 creatures vanquished.

Notes
Turn   | Place    | Note
--------------------------------------------------------------
     0 | D:1      | rbvdw, the Draconian Berserker, began the quest for the Orb.
     0 | D:1      | Reached XP level 1. HP: 19/19 MP: 1/1
   230 | D:1      | Reached XP level 2. HP: 26/26 MP: 2/2
   339 | D:1      | Acquired Trog's second power
   580 | D:2      | Reached XP level 3. HP: 8/33 MP: 3/3
   800 | D:2      | Reached XP level 4. HP: 27/40 MP: 4/4
  1362 | D:3      | Reached skill level 4 in Fighting
  1378 | D:3      | Found a bloodstained altar of Trog.
  1393 | D:3      | HP: 2/40 [poisoned by a kobold]
  1520 | D:3      | Found a shadowy altar of Dithmenos.
  1531 | D:3      | Found a stormy altar of Qazlal.
  1741 | D:3      | Reached XP level 5. HP: 34/46 MP: 5/5
  1771 | D:3      | Found a blossoming altar of Fedhas.
  1772 | D:3      | Found an ancient bone altar of Kikubaaqudgha.
  1961 | D:3      | Reached skill level 1 in Stealth
  2884 | D:4      | Noticed an ogre
  2887 | D:4      | Killed an ogre
  2887 | D:4      | Reached XP level 6. HP: 24/53 MP: 6/6
  2900 | D:4      | HP: 2/53 [giant gecko (2)]
  3065 | D:4      | Found an iron altar of Okawaru.
  3067 | D:4      | Found a staircase to the Ecumenical Temple.
  3130 | D:4      | Acquired Trog's third power
  3248 | D:4      | Noticed Edmund
  3263 | D:4      | Killed Edmund
  3263 | D:4      | Reached skill level 5 in Dodging
  3282 | D:4      | Noticed Natasha
  3305 | D:4      | Killed Natasha
  3641 | D:5      | Entered Level 5 of the Dungeon
  3658 | D:5      | Got a twisted quarterstaff
  3666 | D:5      | Identified the +7 quarterstaff "Frirr" {freeze, rElec Int+4 Dex+4} (You found it on level 5 of the Dungeon)
  3681 | D:5      | Reached skill level 5 in Fighting
  3681 | D:5      | Your scales start taking on a rich purple colour.
  3681 | D:5      | Reached XP level 7. HP: 29/61 MP: 7/7
  3830 | D:5      | Reached skill level 1 in Staves
  3840 | D:5      | Gained mutation: Your spells are a little harder to cast, but a little more powerful. [mutagenic meat]
  3841 | D:5      | Gained mutation: You occasionally shout uncontrollably at your foes. [mutagenic meat]
  3842 | D:5      | Gained mutation: Your muscles are strong. (Str +2) [mutagenic meat]
  3857 | D:5      | Found Etaokeh's Distillery.
  3865 | D:5      | Bought a potion of curing for 45 gold pieces
  4009 | D:5      | Reached skill level 6 in Dodging
  4335 | D:5      | Reached XP level 8. HP: 70/70 MP: 8/8
  4643 | D:6      | Noticed Prince Ribbit
  4651 | D:6      | Killed Prince Ribbit
  4854 | D:6      | Reached skill level 7 in Dodging
  5054 | D:7      | Reached skill level 5 in Staves
  5056 | D:7      | Noticed rbvdw's ghost (experienced DrBe)
  5078 | D:7      | HP: 2/71 [poisoned by rbvdw's ghost]
  5078 | D:7      | Mangled by rbvdw's ghost

Action                   |  1- 3 |  4- 6 |  7- 9 || total
-------------------------+-------+-------+-------++-------
Melee: Hand axe          |    68 |   223 |       ||   291
       Quarterstaff      |       |     3 |   126 ||   129
Invok: Berserk           |       |     5 |     7 ||    12
 Abil: Breathe Dispellin |       |       |     5 ||     5
  Use: Potion            |     3 |     3 |     3 ||     9
       Scroll            |       |     5 |     4 ||     9
 Stab: Sleeping          |       |     1 |     2 ||     3
  Eat: Chunk             |       |     7 |     6 ||    13
       Bread ration      |       |     2 |     2 ||     4
       Beef jerky        |       |       |     1 ||     1
